 Dungeon Crawl Stone Soup version 0.31-a0-174-g85c54bcb58 (webtiles) character file.

Game seed: 1899774925825483884

35 qw the Chopper (level 3, -4/23 HPs)
             Began as a Gargoyle Fighter on June 15, 2023.
             Slain by Terence
             ... wielding a +0 mace
              (6 damage)
             ... on level 2 of the Dungeon.
             The game lasted 00:00:32 (1017 turns).

qw the Chopper (Gargoyle Fighter)                   Turns: 1017, Time: 00:00:33

Health: -4/23      AC:  0    Str: 21    XL:     3   Next: 35%
Magic:  3/3        EV: 17    Int:  8    God:
Gold:   97         SH:  0    Dex: 14    Spells: 2/2 levels left

rFire   . . .        a - melded +0 war axe
rCold   . . .        c - melded +0 buckler
rNeg    + . .        b - melded +0 scale mail
rPois   inf          (helmet currently unavailable)
rElec   .            (cloak currently unavailable)
rCorr   .            (gloves currently unavailable)
SInv    .            (boots currently unavailable)
Will    .....        (no amulet)
Stlth   +            (ring currently unavailable)
HPRegen 0.23/turn    (ring currently unavailable)
MPRegen 0.08/turn

%: no passive effects
@: bat-form (expiring), flying, very quick
A: fast, flying, no casting, sickness immunity, AC +3, tiny, negative energy
resistance 1, (electricity resistance), torment resistance 1, petrification
resistance
a: no special abilities


You were on level 2 of the Dungeon.
You were a bat.
You visited 1 branch of the dungeon, and saw 2 of its levels.

You collected 97 gold pieces.


Innate Abilities, Weirdness & Mutations

You are a bat.
You are tiny and dextrous.
You move quickly.
You are flying.
Your equipment is almost entirely melded.
You are incapable of wielding weapons or throwing items.
You cannot cast spells.
You are immune to sickness and miasma.
((Your stone body is resilient. (AC +3)))
You are immune to poison.
You resist negative energy. (rN+)
((You are resistant to electric shocks. (rElec)))
You are resistant to unholy torment.
You are immune to petrification.


   Skills:
 - Level 3.2 Fighting
 + Level 3.3 Axes
 - Level 3.2 Armour
 - Level 3.2 Shields


You had 2 spell levels left.
You didn't know any spells.
Your spell library was empty.

Inventory:

Hand Weapons
 a - a +0 war axe (melded)
 j - a +0 mace
Armour
 b - a +0 scale mail (melded)
 c - a +0 buckler (melded)
Scrolls
 e - 3 scrolls of enchant armour {unknown}
Potions
 d - a potion of might
 f - a potion of curing
 g - a potion of berserk rage {unknown}
 h - 2 potions of heal wounds {unknown}
 i - a potion of mutation {unknown}

Dungeon Overview and Level Annotations

Branches:
Dungeon (2/15)

Altars:

Annotations:
D:2 Terence


Message History

Terence is lightly wounded.
Terence closely misses you.
You hit Terence but do no damage.
Terence is lightly wounded.
You hit Terence but do no damage.
Terence is lightly wounded.
Terence completely misses you.
You barely miss Terence.
Terence is lightly wounded.
Terence hits you with a +0 mace!
You hit Terence but do no damage.
Terence is lightly wounded.
Terence barely misses you.
You hit Terence.
Terence is lightly wounded.
Terence closely misses you.
You hit Terence but do no damage.
Terence is lightly wounded.
Terence misses you.
You hit Terence but do no damage.
Terence is lightly wounded.
Terence barely misses you.
You hit Terence but do no damage.
Terence is lightly wounded.
Terence asks, "Do you want it fast or slow?"
Terence misses you.
You hit Terence but do no damage.
Terence is lightly wounded.
Terence misses you.
You hit Terence but do no damage.
Terence is lightly wounded.
Terence hits you with a +0 mace.
You hit Terence but do no damage.
Terence is lightly wounded.
Your transformation is almost over.
Terence misses you.
You hit Terence but do no damage.
Terence is lightly wounded.
Terence hits you with a +0 mace.
You die...

#....... #.......
##...... #.......
######## #.......
#......# #.......
#......## ####.......
#.......#####..........
#....@b.....#..........
.........###...:........
..######.# ###..........
#.# #........## #.#
##..#.#### #.# #.#...#
... #....... ...
........ ......


You could see Terence.

Vanquished Creatures
  2 dart slugs (D:1)
  2 ball pythons
  4 endoplasms (D:1)
  3 giant cockroaches (D:1)
  3 hobgoblins (D:1)
  2 quokkas (D:2)
  4 bats
  5 frilled lizards
  2 goblins (D:1)
  2 kobolds (D:1)
29 creatures vanquished.

Notes
Turn   | Place    | Note
-------+----------+-------------------------------------------
     0 | D:1      | qw the Gargoyle Fighter began the quest for the Orb.
     0 | D:1      | Reached XP level 1. HP: 14/14 MP: 1/1
     0 | D:1      | 0 ||| qw: Version: 0.2-a-29-g511e9b1
     0 | D:1      | 0 ||| qw: Game counter: 5173
     0 | D:1      | 0 ||| qw: Always use a shield: true
     0 | D:1      | 0 ||| qw: God list: Okawaru
     0 | D:1      | 0 ||| qw: Allow faded altars: false
     0 | D:1      | 0 ||| qw: Do Orc after D:15 true
     0 | D:1      | 0 ||| qw: Do second Lair branch before Depths: true
     0 | D:1      | 0 ||| qw: Lair rune preference: random
     0 | D:1      | 0 ||| qw: Plans: Normal, Zot:1-4, Slime:5, God:TSO, Crypt,
                  | Tomb, Abyss, Pan, Hells, Win
     0 | D:1      | 0 ||| PLANNING D:1-11
    41 | D:1      | 41 ||| Stepping ~*~*~tactically~*~*~ (hiding).
   244 | D:1      | Reached XP level 2. HP: 19/19 MP: 2/2
   364 | D:1      | 364 ||| Stepping ~*~*~tactically~*~*~ (hiding).
   365 | D:1      | 365 ||| Stepping ~*~*~tactically~*~*~ (hiding).
   485 | D:1      | Reached skill level 3 in Axes
   525 | D:1      | Reached XP level 3. HP: 21/23 MP: 3/3
   643 | D:1      | 643 ||| DROPPING +0 club.
   908 | D:1      | 908 ||| DRINKING 2 fizzy silvery potions.
   994 | D:2      | Noticed Terence
  1008 | D:2      | HP: 2/23 [Terence/+0 mace (9)]
  1015 | D:2      | HP: 2/23 [Terence/+0 mace (2)]
  1017 | D:2      | Slain by Terence

Levels and vault maps discovered:
D:1:      erik_arrival_orb_chamber, layout_basic, serial_corexii_hall,
          chequers_hall_statues_wall_a, corexii_hall_statues_l,
          minmay_misc_feat_chi, minmay_misc_feat_tiny
D:2:      layout_rooms, dreamdust_ecumenical_altar_grove,
          hangedman_decor_opposing, uniq_terence

Skill      XL: |  1  2 |
---------------+-------+-----
Axes           | 2 3 |  3.3
Fighting       | |  3.2
Armour         | |  3.2
Shields        | |  3.2

Action                     || total
---------------------------++-------
  Melee: War axe           ||    65
         Unarmed           ||    20
    Use: Potion            ||     1
 Armour: Scale mail        ||    33
  Dodge: Dodged            ||    32
  Block: Buckler           ||     8

Table legend:
 A = Non-vault XP
 B = Vault XP
 C = Vault XP percentage of total XP
 D = Non-vault monster count
 E = Vault monster count
 F = Vault count percentage of total count
                 A         B        C        D         E       F
            +---------+---------+-------+---------+---------+-------
      Total |      51 |       0 |   0.0 |      29 |       0 |   0.0
            +---------+---------+-------+---------+---------+-------
        D:1 |      44 |       0 |   0.0 |      24 |       0 |   0.0
        D:2 |       7 |       0 |   0.0 |       5 |       0 |   0.0
            +---------+---------+-------+---------+---------+-------
